 Dungeon Crawl Stone Soup version 0.31-a0-261-g072fdb8a1f (webtiles) character file.

Game seed: 7329620900996511869

102 qw the Shooter (level 4, 0/26 HPs)
             Began as a Gargoyle Hexslinger on July 13, 2023.
             Slain by a phantom (6 damage)
             ... on level 3 of the Dungeon.
             The game lasted 00:00:47 (1577 turns).

qw the Shooter (Gargoyle Hexslinger)                Turns: 1577, Time: 00:00:47

Health: 0/26       AC:  6    Str: 12    XL:     4   Next: 78%
Magic:  5/5        EV: 11    Int: 13    God:
Gold:   61         SH:  0    Dex: 14    Spells: 4/5 levels left

rFire   . . .        Y - +1 sling (freeze)
rCold   . . .        (no shield)
rNeg    + . .        g - +0 leather armour
rPois   inf          (no helmet)
rElec   +            (no cloak)
rCorr   .            (no gloves)
SInv    .            (no boots)
Will    .....        (no amulet)
Stlth   +            (no ring)
HPRegen 0.24/turn    (no ring)
MPRegen 0.09/turn

%: no passive effects
@: no status effects
A: sickness immunity, AC +3, negative energy resistance 1, electricity
resistance, torment resistance 1, petrification resistance
a: no special abilities


You were on level 3 of the Dungeon.
You visited 1 branch of the dungeon, and saw 3 of its levels.

You collected 97 gold pieces.
You spent 36 gold pieces at shops.


Innate Abilities, Weirdness & Mutations

You are immune to sickness and miasma.
Your stone body is resilient. (AC +3)
You are immune to poison.
You resist negative energy. (rN+)
You are resistant to electric shocks. (rElec)
You are resistant to unholy torment.
You are immune to petrification.


   Skills:
 - Level 2.0 Fighting
 + Level 4.5 Ranged Weapons
 - Level 1.5 Dodging
 - Level 1.0 Spellcasting
 - Level 2.6 Hexes


You had 4 spell levels left.
You knew the following spells:

 Your Spells              Type           Power      Damage    Failure   Level
a - Slow                  Hex            28%        N/A       12%         1

Your spell library contained the following spells:

 Spells                   Type           Power      Damage    Failure   Level
 Inner Flame              Hex/Fire       4%         N/A       52%         3
 Portal Projectile        Hex/Tloc       8%         N/A       52%         3
 Cause Fear               Hex            3%         N/A       75%         4

Inventory:

Hand Weapons
 Y - a +1 sling of freezing (weapon)
Armour
 g - a +0 leather armour (worn)
Scrolls
 a - a scroll of amnesia {unknown}
Potions
 b - a potion of attraction {unknown}
 c - a potion of brilliance {unknown}
 d - a potion of degeneration {unknown}
 e - a potion of haste
 f - a potion of ambrosia {unknown}
 h - a potion of might {unknown}

Dungeon Overview and Level Annotations

Branches:
Dungeon (3/15)

Altars:

Shops:
D:1 *


Message History

The phantom hits you.
The phantom blinks!
You blink.
The phantom barely misses you.
You shoot a sling bullet. The sling bullet hits the phantom.
The phantom is severely damaged.
The phantom hits you.
You shoot a sling bullet.
The sling bullet barely misses the phantom.
The phantom closely misses you.
You shoot a sling bullet.
The sling bullet closely misses the phantom.
The phantom closely misses you. The phantom hits you.
You shoot a sling bullet.
The sling bullet closely misses the phantom.
The phantom hits you.
The phantom blinks!
You blink.
You shoot a sling bullet. The sling bullet misses the phantom.
The phantom barely misses you.
You shoot a sling bullet. The sling bullet hits the phantom.
The phantom is severely damaged.
The phantom barely misses you.
You shoot a sling bullet.
The sling bullet barely misses the phantom.
The phantom closely misses you.
You shoot a sling bullet.
The sling bullet completely misses the phantom.
The phantom hits you but does no damage.
The phantom hits you.
You shoot a sling bullet.
The sling bullet closely misses the phantom.
The phantom misses you.
You shoot a sling bullet.
The sling bullet barely misses the phantom.
The phantom hits you but does no damage.
You shoot a sling bullet. The sling bullet misses the phantom.
The phantom hits you but does no damage.
You shoot a sling bullet. The sling bullet misses the phantom.
The phantom closely misses you.
You shoot a sling bullet. The sling bullet hits the phantom.
The phantom is severely damaged.
The phantom hits you.
You die...

.# .# #.##.# #.#.. # ..#.# .#.#.
#. #.#.# ... #.##.#.# #.# ##+##
###......# ##.## ##...##
#........# ##...### ##.....##
#.###....# #......##
##.......###.##.....#
##......####...@.....##.#.......
##........'....W....'..........
###...####.........##.........
##.## ##.......######....## #.#
##.....## #....# #.# ##...##
#.#### #.# ##+## #.# #.# #.# #.#
#.#


You could see a phantom.

Vanquished Creatures
  5 adders
  4 worms (D:2)
  3 bats
  5 endoplasms
  A giant cockroach (D:1)
  9 goblins
  5 hobgoblins
  3 kobolds
  2 quokkas
  3 ball pythons
  3 frilled lizards
  3 rats
46 creatures vanquished.

Notes
Turn   | Place    | Note
-------+----------+-------------------------------------------
     0 | D:1      | qw the Gargoyle Hexslinger began the quest for the Orb.
     0 | D:1      | Reached XP level 1. HP: 12/12 MP: 2/2
     0 | D:1      | 0 ||| qw: Version: 0.3-a-52-g30416fa
     0 | D:1      | 0 ||| qw: Game counter: 7034
     0 | D:1      | 0 ||| qw: Melee chars always use a shield: true
     0 | D:1      | 0 ||| qw: God list: Okawaru
     0 | D:1      | 0 ||| qw: Allow faded altars: false
     0 | D:1      | 0 ||| qw: Do Orc after clearing Dungeon:15 true
     0 | D:1      | 0 ||| qw: Do second Lair branch before Depths: true
     0 | D:1      | 0 ||| qw: Lair rune preference: random
     0 | D:1      | 0 ||| qw: Goals: Normal
     0 | D:1      | 0 ||| PLANNING D:1-11
   142 | D:1      | Reached XP level 2. HP: 16/16 MP: 3/3
   172 | D:1      | Reached skill level 3 in Ranged Weapons
   265 | D:1      | 265 ||| UPGRADING to +0 leather armour.
   268 | D:1      | 268 ||| Stepping ~*~*~tactically~*~*~ (water).
   272 | D:1      | 272 ||| UPGRADING to +0 leather armour.
   282 | D:1      | 282 ||| DROPPING +0 robe.
   326 | D:1      | Reached XP level 3. HP: 21/21 MP: 4/4
   358 | D:1      | Found Noru's Assorted Antiques.
   365 | D:1      | 365 ||| BUYING black potion (17 gold).
   365 | D:1      | Bought a black potion for 17 gold pieces
   365 | D:1      | 365 ||| SHOPLISTING pair of embroidered gloves (142 gold,
                  | have 32).
   365 | D:1      | 365 ||| BUYING scroll labelled CADASHRIDOA (19 gold).
   365 | D:1      | Bought a scroll labelled CADASHRIDOA for 19 gold pieces
   365 | D:1      | 365 ||| SHOPLISTING scroll labelled NETAXE AK UNOI (19
                  | gold, have 13).
   365 | D:1      | 365 ||| SHOPLISTING scroll labelled PUDGHU HIOCKE (19 gold,
                  | have 13).
   365 | D:1      | 365 ||| SHOPLISTING scroll labelled QIHAYD WIDOE (19 gold,
                  | have 13).
   365 | D:1      | 365 ||| SHOPLISTING scroll labelled ZIGAOZ FEPRERI (19
                  | gold, have 13).
   731 | D:1      | 731 ||| READING 2 scrolls labelled CADASHRIDOA.
   732 | D:1      | 732 ||| READING scroll labelled NETAXE AK UNOI.
   733 | D:1      | 733 ||| READING scroll labelled JAWKASA IXUR.
   734 | D:1      | 734 ||| DRINKING 2 viscous dark potions.
   735 | D:1      | 735 ||| DROPPING scroll of vulnerability.
   736 | D:1      | 736 ||| DROPPING scroll of poison.
   902 | D:2      | Reached XP level 4. HP: 26/26 MP: 5/5
  1044 | D:2      | Reached skill level 4 in Ranged Weapons
  1204 | D:2      | 1204 ||| READING scroll labelled UNAUPRI VUSTRA.
  1305 | D:2      | 1305 ||| READING scroll labelled ZIGAOZ FEPRERI.
  1548 | D:3      | Noticed a phantom
  1568 | D:3      | HP: 4/26 [phantom (5)]
  1577 | D:3      | Slain by a phantom

Levels and vault maps discovered:
D:1:      minmay_arrival_loop, layout_loops_ring, serial_shops, shop,
          serial_bayou, serial_bayou_pond_a, serial_bayou_pond_e,
          serial_bayou_crossing, serial_bayou_pond_b, serial_bayou_ford_a,
          minmay_stone_trees_small, minmay_split_cup_small
D:2:      layout_basic
D:3:      layout_loops_corners, lemuel_round_altar,
          hellmonk_ecumenical_altar_crossroads, minmay_crystal_room,
          nrook_mini_backslash, grunt_decor_junction

Skill      XL: |  1  2  3  4 |
---------------+-------------+-----
Ranged Weapons | 3 4 |  4.5
Fighting       | 2 |  2.0
Dodging        | |  1.5
Spellcasting   | |  1.0
Hexes          | |  2.6

Action                     |  1- 3 |  4- 6 || total
---------------------------+-------+-------++-------
   Fire: Sling             |   108 |    79 ||   187
    Use: Scroll            |     3 |     2 ||     5
         Potion            |     1 |       ||     1
 Armour: Robe              |     4 |       ||     4
         Leather armour    |     8 |    12 ||    20
  Dodge: Dodged            |    33 |    17 ||    50

Table legend:
 A = Non-vault XP
 B = Vault XP
 C = Vault XP percentage of total XP
 D = Non-vault monster count
 E = Vault monster count
 F = Vault count percentage of total count
                 A         B        C        D         E       F
            +---------+---------+-------+---------+---------+-------
      Total |     139 |       8 |   5.4 |      42 |       4 |   8.7
            +---------+---------+-------+---------+---------+-------
        D:1 |      30 |       8 |  21.1 |      19 |       4 |  17.4
        D:2 |      60 |       0 |   0.0 |      14 |       0 |   0.0
        D:3 |      49 |       0 |   0.0 |       9 |       0 |   0.0
            +---------+---------+-------+---------+---------+-------
